 Dungeon Crawl Stone Soup version 0.24.0 (webtiles) character file.

Game seed: 6932541295676617300, levelgen mode: deterministic

291 Emblim88 the Ruffian (level 6, -1/61 HPs)
             Began as a Troll Monk on Oct 25, 2019.
             Slain by a gnoll
             ... wielding a +0 spear
              (8 damage)
             ... on level 4 of the Dungeon.
             The game lasted 00:04:09 (2491 turns).

Emblim88 the Ruffian (Troll Monk)                   Turns: 2491, Time: 00:04:10

Health: -1/61      AC:  6    Str: 20 (22) XL:     6   Next: 10%
Magic:  5/6        EV: 11    Int:  3 (6)  God:
Gold:   157        SH:  0    Dex: 12 (14) Spells: 5/5 levels left

rFire    . . .     SeeInvis .     - Unarmed
rCold    . . .     Gourm    +   (no shield)
rNeg     + . .     Faith    .   a - +0 robe
rPois    .         Spirit   .   (helmet restricted)
rElec    .         Reflect  .   (no cloak)
rCorr    .         Harm     .   (gloves unavailable)
MR       .....                  (boots unavailable)
Stlth    ++........             r - amulet of regeneration (curse)
HPRegen  1.00/turn              n - ring of positive energy
MPRegen  0.10/turn              u - +2 ring of dexterity

@: hasted, very quick
A: large, unfitting armour, claws 3, fast metabolism 3, gourmand, regeneration
1, shaggy fur 1, tough skin 3
a: no special abilities


You were on level 4 of the Dungeon.
You were very full.

You visited 1 branch of the dungeon, and saw 4 of its levels.

You collected 157 gold pieces.

Inventory:

Armour
 a - a +0 robe (worn)
Jewellery
 j - an uncursed ring of magical power
 n - a ring of positive energy (left claw)
 r - a cursed amulet of regeneration (around neck)
 u - a +2 ring of dexterity (right claw)
Wands
 s - a wand of polymorph (8)
Scrolls
 f - a scroll of teleportation
 h - a scroll of random uselessness
 i - a scroll of enchant armour
 l - a scroll of remove curse
 o - a scroll of blinking
 t - a scroll of magic mapping {unknown}
Potions
 c - a potion of berserk rage {unknown}
 d - 3 potions of curing
 e - a potion of might
 k - 3 potions of cancellation
 m - 3 potions of degeneration
 p - a potion of ambrosia
 q - a potion of brilliance {unknown}
Comestibles
 b - 7 rations


   Skills:
 + Level 3.6 Fighting
 + Level 3.6 Dodging
 - Level 1.0 Stealth
 + Level 4.4 Unarmed Combat
 * Level 1.3 Evocations


You had 5 spell levels left.
You didn't know any spells.
Your spell library was empty.

Dungeon Overview and Level Annotations

Branches:
Dungeon (4/15)
 Temple: D:4-7

Altars:
Uskayaw
The Shining One

Shops:
D:4 (

Annotations:
D:4 1 runed translucent door


Innate Abilities, Weirdness & Mutations

You are too large for most types of armour.
You have claws for hands.
Your metabolism is lightning-fast.
You like to eat raw meat.
Your natural rate of healing is unusually fast.
You are covered in fur. (AC +1)
You have extremely tough skin. (AC +3)


Message History

The gnoll hits you but does no damage. The gnoll hits you with a +0 halberd!
* * * LOW HITPOINT WARNING * * *
Items here: )) [ †† a +0 flail of holy wrath; a +0 whip; a +0 leather armour; a gnoll corpse x2
You claw the gnoll!
You kill the gnoll!
The gnoll closely misses you.
The gnoll hits you from afar with a +0 spear.
* * * LOW HITPOINT WARNING * * *
You mangle the gnoll!!
You kill the gnoll!
The gnoll barely misses you.
You see here a +0 halberd.
You barely miss the gnoll. The gnoll hits you with a +0 spear.
* * * LOW HITPOINT WARNING * * *
You scratch the gnoll but do no damage. You scratch the gnoll.
The gnoll is heavily wounded.
The gnoll hits you with a +0 spear!
You die...

##### ....#
.+. .. #####
#. .#### #.
####....#
##### .##
#.......#
######...##..#
#.......#
..........##.#
#.......#
#########.##.#
#g...#
#.##.###@...#
#......)†...#
#.###.#####.#
### #.# # #..
##.# +#


You could see a gnoll.

Vanquished Creatures
  2 gnoll shamans (D:4)
  Jessica (D:2)
  5 adders
  7 gnolls (D:4)
  3 worms
  4 dart slugs (D:1)
  A leopard gecko (D:3)
  8 orcs
  A ball python (D:3)
  5 giant cockroaches
  6 goblins
  6 hobgoblins
  3 jackals
  A quokka (D:3)
  11 bats
  4 frilled lizards
  5 kobolds
  7 rats
80 creatures vanquished.

Notes
Turn   | Place    | Note
-------+----------+-------------------------------------------
     0 | D:1      | Emblim88 the Troll Monk began the quest for the Orb.
     0 | D:1      | Reached XP level 1. HP: 22/22 MP: 0/0
   124 | D:1      | Reached XP level 2. HP: 29/29 MP: 1/1
   731 | D:1      | Reached XP level 3. HP: 36/36 MP: 2/2
   914 | D:2      | Noticed Jessica
   917 | D:2      | Killed Jessica
   917 | D:2      | Reached XP level 4. HP: 45/45 MP: 3/3
  1029 | D:2      | Found a hide-covered altar of Uskayaw.
  1254 | D:2      | Found a glowing golden altar of the Shining One.
  1483 | D:3      | Reached skill level 4 in Unarmed Combat
  1805 | D:3      | Reached XP level 5. HP: 50/53 MP: 4/4
  2237 | D:4      | Found Heilol's Weapon Shoppe.
  2269 | D:4      | Reached skill level 1 in Evocations
  2468 | D:4      | Found a runed translucent gate.
  2484 | D:4      | Reached XP level 6. HP: 19/61 MP: 5/5
  2491 | D:4      | Slain by a gnoll

Levels and vault maps discovered:
D:1:      matt_arrival_grand_opening, layout_loops_corners,
          grunt_decor_one_mirror
D:2:      layout_loops_ring, lemuel_round_altar, eat_drink_and_be_merry_uskayaw,
          uniq_jessica
D:3:      layout_basic
D:4:      layout_basic, gammafunk_ghost_necromancy, serial_shops, shop_statue,
          first_ration
